 Dungeon Crawl Stone Soup version 0.17-a0-1509-g274fe30 (webtiles) character file.

335 sscrono2 the Covert (level 6, 0/41 HPs)
             Began as an Octopode Assassin on July 10, 2015.
             Slain by a kobold
             ... wielding a +0 club
              (1 damage)
             ... in a sewer.
             The game lasted 00:05:18 (2022 turns).

sscrono2 the Covert (Octopode Assassin)             Turns: 2022, Time: 00:05:21

Health: 0/41       AC:  1    Str: 10    XL:     6   Next: 53%
Magic:  8/8        EV: 12    Int: 18    God:
Gold:   108        SH:  0    Dex: 16    Spells: 0 memorised, 8 levels left

rFire  . . .     SeeInvis .     a - +2 dagger (pain)
rCold  . . .     Clarity  .     (no shield)
rNeg   + . .     SustAt   .     (helmet restricted)
rPois  .         Gourm    .     (no amulet)
rElec  .         Spirit   .     f - ring of positive energy
rCorr  .         Warding  .     (no ring)
rMut   .         Stasis   .     (no ring)
MR     .....                    (no ring)
Stlth  ++++++....               (no ring)
                                (no ring)
                                (no ring)
                                (no ring)

@: brilliant, flying, not resistant to hostile enchantments, very stealthy
A: almost no armour, amphibious, 8 rings, constrict 8, camouflage 1, gelatinous
body 1
a: no special abilities


You were in a sewer.
You were not hungry.

You visited 1 branch of the dungeon, and saw 3 of its levels.
You also visited: Sewer.

You collected 108 gold pieces.

Inventory:

Hand weapons
 a - a +2 dagger of pain (weapon)
 b - a +0 blowgun
Missiles
 c - 38 poisoned needles
 d - 2 curare-tipped needles
Jewellery
 f - a ring of positive energy (left tentacle)
Scrolls
 g - a scroll of amnesia {unknown}
 k - a scroll of remove curse {unknown}
 n - a scroll of fog {unknown}
 o - a scroll of random uselessness {unknown}
 p - a scroll of enchant weapon {unknown}
 r - a scroll of noise {unknown}
Potions
 h - 2 potions of brilliance
 i - 2 potions of magic {unknown}
 j - 2 potions of curing
 m - 4 potions of flight
 q - 2 potions of heal wounds {unknown}
 s - a potion of might {unknown}
 t - a potion of agility {unknown}
Comestibles
 e - 3 bread rations
 l - 2 meat rations


   Skills:
 + Level 2.6 Fighting
 * Level 3.2 Short Blades
 + Level 2.1 Throwing
 + Level 2.0 Dodging
 + Level 8.6 Stealth
 * Level 1.7 Spellcasting


You had 8 spell levels left.
You didn't know any spells.

Dungeon Overview and Level Annotations

Branches:
Dungeon (3/15)

Altars:
Elyvilon


Innate Abilities, Weirdness & Mutations

You cannot wear most types of armour.
You are amphibious.
You can wear up to eight rings at the same time.
You can use your tentacles to constrict eight enemies at once.
Your skin changes colour to match your surroundings (Stealth).
Your rubbery body absorbs attacks (AC +1).


Message History

You hit the big kobold but do no damage.
The big kobold is almost dead.
You constrict the big kobold. The kobold completely misses you.
The big kobold hits you with a dagger!
* * * LOW HITPOINT WARNING * * *
The kobold hits you but does no damage.
You hit the big kobold.
The big kobold is almost dead.
You constrict the big kobold. The kobold hits you with a dagger.
* * * LOW HITPOINT WARNING * * *
The big kobold hits you with a dagger.
* * * LOW HITPOINT WARNING * * *
Drink which item? (? for menu, Esc to quit)
It was a potion of brilliance.
You feel clever all of a sudden.
You constrict the big kobold.
You kill the big kobold!
Your Dodging skill increases to level 2!
The kobold hits you with an uncursed club.
You die...

#....≈≈≈≈≈≈≈......#
#....≈≈≈≈≈≈≈#.....#
##...≈≈≈≈≈≈≈≈##....#
#.....≈≈≈≈≈≈≈≈#...†#
#.....≈≈≈≈≈≈≈≈≈....##
#..((≈≈≈≈≈≈≈≈≈.....#
#...≈≈≈≈≈≈≈≈≈≈≈....#
###(####≈#≈#≈###'###
#..@..#≈#≈#≈##...).#
#.K)K.##≈#≈#≈#.))).#
##...##≈#≈#≈###...##
#.....##≈#≈#≈#.....#
#!.#.!#≈#≈#≈##..#..#
###############≈≈≈≈≈≈#######
#≈≈≈≈≈≈≈≈≈≈≈≈≈≈≈≈≈≈≈≈≈≈≈≈≈≈≈
#≈≈≈≈≈≈≈≈≈≈≈≈≈≈≈≈≈≈≈≈≈≈≈≈≈≈≈
############################


You could see 2 kobolds.

Vanquished Creatures
  2 big kobolds (Sewer)
  3 river rats (Sewer)
  7 adders
  2 oozes
  2 worms (D:2)
  3 giant geckos
  An orc (D:3)
  5 giant cockroaches
  8 goblins
  7 hobgoblins
  4 jackals (D:1)
  18 kobolds
  A quokka (D:2)
  4 ball pythons
  6 bats
  5 giant newts
  24 rats
102 creatures vanquished.

Notes
Turn   | Place    | Note
--------------------------------------------------------------
     0 | D:1      | sscrono2 the Octopode Assassin began the quest for the Orb.
     0 | D:1      | Reached XP level 1. HP: 14/14 MP: 1/1
    47 | D:1      | Reached XP level 2. HP: 19/19 MP: 2/2
   243 | D:1      | Reached skill level 6 in Stealth
   357 | D:1      | Reached XP level 3. HP: 20/24 MP: 4/4
   672 | D:2      | Reached skill level 1 in Spellcasting
   924 | D:2      | Reached XP level 4. HP: 22/29 MP: 5/5
  1079 | D:2      | Reached skill level 7 in Stealth
  1126 | D:2      | Found a white marble altar of Elyvilon.
  1542 | D:3      | Found a glowing drain.
  1557 | D:3      | Reached XP level 5. HP: 32/34 MP: 6/6
  1561 | Sewer    | Entered a sewer
  1811 | Sewer    | Reached skill level 8 in Stealth
  1850 | Sewer    | Reached XP level 6. HP: 41/41 MP: 8/8
  2021 | Sewer    | HP: 1/41 [big kobold/dagger (4)]
  2022 | Sewer    | Slain by a kobold

Vault maps used:
D:1:      dpeg_arrival_tiny_k, st_stairs_6
D:2:      elyvilon_altar_3, first_bread
D:3:      portal_sewer_entry_f, serial_bayou_lake_a
Sewer:    sewer_minmay_treatment

Action                   |  1- 3 |  4- 6 || total
-------------------------+-------+-------++-------
Melee: Dagger            |    52 |   112 ||   164
       Short sword       |    12 |       ||    12
  Use: Potion            |       |     3 ||     3
 Stab: Sleeping          |    10 |    27 ||    37
       Distracted        |       |     1 ||     1
  Eat: Beef jerky        |       |     3 ||     3
